 Dungeon Crawl Stone Soup version 0.31.0-11-ge490571c62 (webtiles) character file.

Game seed: 12904312595050978079

11779 SmokeWeed the Skirmisher (level 11, -8/60 HPs)
             Began as a Spriggan Hunter on Feb 3, 2024.
             Was a Priest of Dithmenos.
             Mangled by a phantasmal warrior (34 damage)
             ... led by a death knight
             ... on level 10 of the Dungeon.
             The game lasted 00:36:59 (10624 turns).

SmokeWeed the Skirmisher (Spriggan Hunter)         Turns: 10624, Time: 00:36:59

Health: -8/60      AC:  8    Str:  7    XL:     11   Next: 53%
Magic:  12/12      EV: 28    Int: 11    God:    Dithmenos [***...]
Gold:   466        SH:  0    Dex: 23    Spells: 7/10 levels left

rFire   . . .        a - +0 shortbow
rCold   . . .        (shield currently unavailable)
rNeg    . . .        y - +0 acid dragon scales
rPois   .            (helmet restricted)
rElec   .            i - +1 cloak
rCorr   +            (gloves unavailable)
SInv    +            (boots unavailable)
Will    .....        z - amulet of regeneration
Stlth   +++++        m - +5 ring of evasion
HPRegen 1.10/turn    (no ring)
MPRegen 0.13/turn

%: no passive effects
@: weak-willed, wreathed by umbra, very quick
A: very small, no large weapons, unfitting armour, see invisible, speed 3
a: Renounce Religion, Shadow Step


You were on level 10 of the Dungeon.
You worshipped Dithmenos.
Dithmenos was most pleased with you.
You visited 2 branches of the dungeon, and saw 11 of its levels.

You collected 466 gold pieces.

Inventory:

Hand Weapons
 a - a +0 shortbow (weapon)
 f - a +0 dagger
 h - a +0 rapier
 F - a +1 dagger of venom
 H - a +0 demon whip of venom
Armour
 c - a +0 robe
 i - a +1 cloak (worn)
 j - a +0 buckler
 y - +0 acid dragon scales (worn)
 B - a +0 robe of willpower
Magical Staves
 g - a staff of earth
Jewellery
 e - an amulet of guardian spirit
 m - a +5 ring of evasion (left hand)
 r - an amulet of magic regeneration
 z - an amulet of regeneration (around neck)
 D - a ring of fire
Wands
 q - a wand of iceblast (8)
 x - a wand of flame (12)
 E - a wand of digging (5)
Scrolls
 b - 5 scrolls of butterflies
 o - 4 scrolls of identify
 v - 2 scrolls of teleportation
 A - a scroll of blinking
 G - a scroll of torment {unknown}
 I - a scroll of fog {unknown}
Potions
 d - a potion of berserk rage
 k - a potion of might {unknown}
 l - a potion of brilliance {unknown}
 n - 3 potions of heal wounds
 p - 3 potions of haste
 s - a potion of enlightenment {unknown}
 t - 3 potions of mutation
 u - a potion of degeneration {unknown}
 w - a potion of attraction {unknown}
 C - a potion of curing


   Skills:
 * Level 8.5 Fighting
 + Level 0.9 Short Blades
 + Level 13.4 Ranged Weapons
 + Level 1.9 Armour
 * Level 9.4 Dodging
 * Level 7.9 Stealth
 + Level 0.5 Evocations


You had 7 spell levels left.
You knew the following spells:

 Your Spells              Type           Power      Damage    Failure   Level
a - Summon Small Mammal   Summ           0%         N/A       54%         1
b - Ensorcelled Hibernat  Hex/Ice        0%         N/A       69%         2

Your spell library contained the following spells:

 Spells                   Type           Power      Damage    Failure   Level
 Apportation              Tloc           0%         N/A       54%         1
 Foxfire                  Conj/Fire      0%         2x1d4     54%         1
 Necrotise                Necr           0%         1d4       54%         1
 Sting                    Conj/Alch      0%         1d3       54%         1
 Lesser Beckoning         Tloc           0%         N/A       69%         2
 Fugue of the Fallen      Necr           0%         N/A       89%         3
 Gell's Gravitas          Tloc           0%         N/A       89%         3
 Ozocubu's Armour         Ice            0%         N/A       89%         3
 Teleport Other           Tloc           0%         N/A       89%         3
 Anguish                  Hex/Necr       0%         N/A       100%        4
 Manifold Assault         Tloc           0%         N/A       100%        4
 Metabolic Englaciation   Hex/Ice        0%         N/A       100%        5
 Dispersal                Tloc           0%         N/A       100%        6
 Plasma Beam              Fire/Air       0%         2x1d10    100%        6
 Sculpt Simulacrum        Ice/Alch       0%         N/A       100%        6
 Starburst                Conj/Fire      0%         6d3       100%        6
 Disjunction              Tloc           0%         N/A       100%        8


Dungeon Overview and Level Annotations

Branches:
Dungeon (10/15)            Temple (1/1) D:5            Lair (0/5) D:9
    Orc (0/2) D:10

Altars:
Ashenzari
Cheibriados
Dithmenos
Elyvilon
Fedhas
Gozag
Hepliaklqana
Kikubaaqudgha
Makhleb
Nemelex Xobeh
Okawaru
Qazlal
Ru
Sif Muna
Uskayaw
Vehumet
Wu Jian
Xom
Yredelemnul
Zin
The Shining One

Shops:
D:1 (   D:7 (   D:10 (


Innate Abilities, Weirdness & Mutations

You are very small and have problems with some larger weapons.
You are too small for most types of armour.
You have supernaturally acute eyesight. (SInv)
You cover ground extremely quickly. (Speed+++)


Message History

The phantasmal warrior is heavily damaged.
You shoot an arrow.
The arrow closely misses the phantasmal warrior.
The phantasmal warrior completely misses you.
You shoot an arrow. The arrow hits the phantasmal warrior.
The phantasmal warrior is heavily damaged.
The phantasmal warrior barely misses you.
The freezing wraith completely misses you. x2
You shoot an arrow.
The arrow hits the phantasmal warrior but does no damage.
The phantasmal warrior is heavily damaged.
The phantasmal warrior completely misses you.
The freezing wraith closely misses you. x2
You shoot an arrow. The arrow hits the phantasmal warrior.
The phantasmal warrior is heavily damaged.
The phantasmal warrior completely misses you.
You shoot an arrow. The arrow hits the phantasmal warrior.
The phantasmal warrior is severely damaged.
The freezing wraith misses you.
The freezing wraith completely misses you.
You shoot an arrow.
The arrow hits the phantasmal warrior but does no damage.
The phantasmal warrior is severely damaged.
The phantasmal warrior barely misses you.
The freezing wraith misses you.
The freezing wraith completely misses you.
You shoot an arrow.
The arrow closely misses the phantasmal warrior.
The phantasmal warrior hits you!!
Your willpower is stripped away!
The freezing wraith completely misses you. x2
You shoot an arrow.
The arrow hits the phantasmal warrior but does no damage.
The phantasmal warrior is severely damaged.
The phantasmal warrior hits you! The freezing wraith closely misses you.
The freezing wraith completely misses you.
You shoot an arrow. The arrow hits the phantasmal warrior!
The phantasmal warrior is severely damaged.
The phantasmal warrior hits you!!
Ouch! That really hurt!
You die...

#.###.#..#####'#......... #.#
#.#........#..#..###.
#####.###.#........#..#..###. ##
#.........######'###.........
.####......÷.....................
..............................#..
......##..##..................#..
......##......#...........##.....
..##.W##......#W@W...............
......##.........[...............
†....W........†..................
#################################


You could see a phantasmal warrior and a freezing wraith.

Vanquished Creatures
  Erolcha (D:10)
  A two-headed ogre (D:8)
  Amaemon (D:9)
  Maurice (D:7)
  An orange demon (D:9)
  Maggie (D:6)
  Psyche (D:8)
  3 trolls
  Prince Ribbit (D:7)
  Sigmund (D:6)
  Eustachio (D:4)
  A wraith (D:9)
  5 wyverns
  18 yaks
  Grum (D:8)
  Edmund (D:5)
  4 water moccasins
  2 orc warriors
  An ice beast (D:6)
  3 sky beasts
  2 black bears
  An ogre (D:7)
  2 wolves (D:7)
  A centaur (D:8)
  2 phantoms (D:5)
  Blork the orc (D:4)
  3 kobold brigands
  3 bullfrogs
  A gnoll sergeant (D:7)
  3 scorpions
  5 howler monkeys
  A bombardier beetle (D:3)
  7 crimson imps
  9 hounds
  4 jellies
  2 gnoll boudas
  4 orc priests
  2 iguanas
  10 orc wizards
  10 gnolls
  9 adders
  A shadow imp (D:5)
  6 white imps
  A dart slug (D:4)
  3 ribbon worms
  44 orcs
  10 ball pythons
  5 bats
  8 endoplasms
  7 giant cockroaches
  5 goblins
  9 hobgoblins
  15 kobolds
  3 quokkas
  4 frilled lizards
  12 rats
264 creatures vanquished.

Notes
Turn   | Place    | Note
-------+----------+-------------------------------------------
     0 | D:1      | SmokeWeed the Spriggan Hunter began the quest for the Orb.
     0 | D:1      | Reached XP level 1. HP: 10/10 MP: 2/2
    93 | D:1      | Reached XP level 2. HP: 15/15 MP: 3/3
   449 | D:1      | Reached XP level 3. HP: 18/18 MP: 4/4
   569 | D:1      | Found Fakocluy's Weapon Boutique.
   589 | D:1      | Found a faded altar of an unknown god.
   601 | D:1      | Reached skill level 5 in Ranged Weapons
  1248 | D:2      | Reached XP level 4. HP: 23/23 MP: 5/5
  1255 | D:2      | Found a glowing golden altar of the Shining One.
  1878 | D:3      | Reached skill level 6 in Ranged Weapons
  1878 | D:3      | Reached XP level 5. HP: 26/26 MP: 6/6
  2112 | D:3      | Found an ancient bone altar of Kikubaaqudgha.
  2401 | D:4      | Noticed Eustachio
  2449 | D:4      | Noticed Blork the orc
  2478 | D:4      | Noticed a black bear
  2672 | D:4      | Noticed a yak
  2684 | D:4      | Noticed a yak
  2743 | D:4      | Killed a yak
  2744 | D:4      | Reached skill level 7 in Ranged Weapons
  2744 | D:4      | Reached XP level 6. HP: 19/32 MP: 3/7
  2881 | D:4      | Noticed a yak
  2881 | D:4      | Noticed a yak
  2916 | D:4      | Killed a yak
  2972 | D:4      | Killed a yak
  2973 | D:4      | Reached XP level 7. HP: 26/36 MP: 8/8
  3021 | D:4      | Killed a yak
  3022 | D:4      | Reached skill level 8 in Ranged Weapons
  3260 | D:4      | Killed Blork the orc
  3565 | D:4      | Killed Eustachio
  3566 | D:4      | Reached skill level 9 in Ranged Weapons
  3566 | D:4      | Reached XP level 8. HP: 41/41 MP: 9/9
  3882 | D:5      | Entered Level 5 of the Dungeon
  4111 | D:5      | Identified the +0 ring mail of True Grit {rC+ Stlth+}
  4565 | D:5      | Learned a level 1 spell: Summon Small Mammal
  4747 | D:5      | Reached skill level 5 in Dodging
  5102 | D:5      | Found a staircase to the Ecumenical Temple.
  5107 | Temple   | Entered the Ecumenical Temple
  5458 | D:6      | Reached skill level 10 in Ranged Weapons
  5542 | D:6      | Reached skill level 5 in Fighting
  5542 | D:6      | Reached XP level 9. HP: 47/47 MP: 10/10
  5589 | D:6      | Noticed Edmund
  5589 | D:6      | Noticed Sigmund
  5713 | D:5      | Killed Edmund
  5856 | D:6      | Killed Sigmund
  5881 | D:6      | Noticed a troll
  5948 | D:6      | Killed a troll
  6107 | D:6      | Noticed Maggie
  6207 | D:6      | Killed Maggie
  6208 | D:6      | Reached skill level 11 in Ranged Weapons
  6296 | D:6      | Found a radiant altar of Vehumet.
  6296 | D:6      | Found a shadowy altar of Dithmenos.
  6312 | D:6      | Became a worshipper of Dithmenos the Shadowed
  6566 | D:7      | Noticed Prince Ribbit
  6609 | D:7      | Killed Prince Ribbit
  6653 | D:7      | Reached * piety under Dithmenos
  6697 | D:7      | Found a burning altar of Makhleb.
  6746 | D:7      | Noticed Maurice
  6769 | D:7      | Reached XP level 10. HP: 38/53 MP: 11/11
  6778 | D:7      | Maurice stole an amulet of magic regeneration
  6779 | D:7      | Maurice stole a staff of earth
  6780 | D:7      | Killed Maurice
  6905 | D:7      | Found Yxoqoe's Weapon Boutique.
  7044 | D:7      | Found a stormy altar of Qazlal.
  7359 | D:8      | Noticed Grum
  7483 | D:8      | Killed Grum
  7492 | D:8      | Found a broken altar of Ashenzari.
  7630 | D:8      | Found an iron altar of Okawaru.
  7752 | D:8      | Noticed Psyche
  7768 | D:8      | Killed Psyche
  7769 | D:8      | Reached skill level 12 in Ranged Weapons
  7840 | D:8      | Reached skill level 1 in Armour
  8124 | D:9      | Noticed Amaemon
  8127 | D:9      | Noticed an orange demon
  8179 | D:8      | Reached skill level 5 in Stealth
  8299 | D:9      | Noticed a two-headed ogre
  8420 | D:8      | Killed a two-headed ogre
  8633 | D:8      | Reached ** piety under Dithmenos
  8974 | D:9      | Reached XP level 11. HP: 52/59 MP: 12/12
  8993 | D:9      | Noticed Erolcha
  9023 | D:10     | Entered Level 10 of the Dungeon
  9027 | D:10     | Killed Erolcha
  9152 | D:10     | Reached skill level 13 in Ranged Weapons
  9621 | D:9      | Killed Amaemon
  9795 | D:9      | Found a staircase to the Lair.
  9944 | D:10     | Found a staircase to the Orcish Mines.
  9947 | D:10     | Found Pisoun's Weapon Emporium.
 10044 | D:10     | Reached *** piety under Dithmenos
 10225 | D:10     | Noticed a phantasmal warrior
 10225 | D:10     | Noticed a death knight
 10377 | D:10     | Learned a level 2 spell: Ensorcelled Hibernation
 10624 | D:10     | Mangled by a phantasmal warrior

Illustrated notes

Levels and vault maps discovered:
D:1:      giann_forest_graveyard, layout_basic,
          nicolae_ecumenical_snake_handling, serial_shops, shop_statue,
          minmay_pentomino_s2
D:2:      layout_loops_ring, basic_altar
D:3:      layout_loops_ring, mainiacjoe_overflow_tiny_flanked
D:4:      layout_basic, uniq_blork_the_orc, uniq_eustachio
D:5:      layout_layer_cave, temple_doors_ab, chequers_ossuary_entry_cave,
          serial_demonic, serial_demonic_c, serial_demonic_c, serial_demonic_b,
          serial_demonic_g
D:6:      layout_rooms, gammafunk_temple_overflow_elements, uniq_edmund,
          uniq_sigmund, uniq_maggie
D:7:      layout_rooms, kennysheep_little_box, nicolae_qazlal_eye_of_the_storm,
          serial_shops, nicolae_shop_stone, uniq_prince_ribbit1, uniq_maurice
D:8:      layout_gridville, nicolae_ashenzari_skybound,
          overflow_temple_1_default, minmay_quadrilaterals, uniq_psyche,
          uniq_grum
D:9:      layout_big_octagon, minmay_lair_entry_grove, minmay_nine_imps,
          uniq_amaemon, uniq_erolcha
D:10:     layout_stronghold, bloody_trog, orc_david_3, uniq_josephine
Temple:   zaba_magenta_temple

Skill      XL: |  1  2  3  4  5  6  7  8  9 10 11 |
---------------+----------------------------------+-----
Ranged Weapons | 5 6 7 9 10 11 12 13 | 13.4
Fighting       | 2 3 5 6 7 8 |  8.5
Dodging        | 3 5 7 8 9 |  9.4
Stealth        | 2 3 6 7 |  7.9
Armour         | 1 |  1.9
Short Blades   | |  0.9
Evocations     | |  0.5

Action                     |  1- 3 |  4- 6 |  7- 9 | 10-12 || total
---------------------------+-------+-------+-------+-------++-------
  Melee: Rapier            |       |     1 |       |       ||     1
         Shortbow          |       |       |     4 |       ||     4
   Fire: Shortbow          |   113 |   196 |   570 |   740 ||  1619
  Evoke: Wand              |       |       |       |     7 ||     7
    Use: Scroll            |     1 |     4 |     8 |     1 ||    14
         Potion            |       |       |     2 |       ||     2
   Stab: Sleeping          |       |     1 |       |       ||     1
 Armour: Robe              |     7 |    38 |    60 |       ||   105
         Acid dragon scale |       |       |    24 |   114 ||   138
  Dodge: Dodged            |    30 |    99 |   282 |   593 ||  1004
